Cogmind - Beta 14 @@@ ROGUE MODE // 2024.10.22 @ 17:06:08 Player: pd-p0l Result: Destroyed self via exploding Fusion Modulator Performance ------------- Evolutions (2) 1000 Regions Visited (3) 600 Robots Destroyed (55) 275 Value Destroyed (1340) 1340 Prototype IDs (2) 40 Alien Tech Used (0) 0 Bonus (0) 0 TOTAL SCORE: 3255 Bonus ------- None Cogmind --------- Core Integrity 0/550 Matter 122/300 Energy 4/100 System Corruption 1% Temperature Cool (33) Movement Core (150) Ox2 Location -8/Materials Parts ------- > --- POWER (1) -------- (None) > --- PROPULSION (4) --- (None) > --- UTILITY (4) ------ Improved Sensor Array > --- WEAPON (2) ------- Missile Launcher > --- INVENTORY (5) ---- VSS Leg Sensor Array Advanced EMP Blaster Datajack Peak State ------------ > --- POWER ------------ Nuclear Core > --- PROPULSION ------- Aluminum Leg Aluminum Leg Aluminum Leg > --- UTILITY ---------- Large Storage Unit Weight Redist. System Signal Interpreter Targeting Computer > --- WEAPON ----------- Minigun Minigun > --- INVENTORY -------- VTOL Module VTOL Module Heat Sink Transport Network Coupler Minigun Mining Laser [Rating: 18] Favorites ----------- Power Ion Engine Engine Ion Engine Power Core Nuclear Core Propulsion Aluminum Leg Leg Aluminum Leg Flight Unit VTOL Module Utility Sensor Array Device Sensor Array Storage Large Storage Unit Processor Signal Interpreter Protection Light Armor Plating Weapon Light Assault Rifle Ballistic Gun Light Assault Rifle Launcher Grenade Launcher Special Weapon Mining Laser Build | -11 -10 -9 -8 ------- Run | Yrd Mat Mat Mat Slots Evolved 4 | . . 2 2 Power . | . . . . Propulsion 2 | . . 1 1 Utility 2 | . . 1 1 Weapon . | . . . . Parts Attached 54 | 6 6 25 17 Power 5 | 1 . 4 . Engine 4 | 1 . 3 . Core 1 | . . 1 . Reactor . | . . . . Propulsion 22 | 2 4 10 6 Treads . | . . . . Leg 21 | 2 4 10 5 Wheel . | . . . . Hover . | . . . . Flight 1 | . . . 1 Utility 14 | 1 1 6 6 Device 8 | . 1 2 5 Storage 2 | 1 . 1 . Processor 3 | . . 2 1 Hackware . | . . . . Protection 1 | . . 1 . Artifact . | . . . . Weapon 13 | 2 1 5 5 Energy Gun . | . . . . Energy Cannon . | . . . . Ballistic Gun 9 | 2 1 3 3 Ballistic Cannon . | . . . . Launcher 2 | . . 1 1 Special Weapon 2 | . . 1 1 Impact Weapon . | . . . . Slashing Weapon . | . . . . Piercing Weapon . | . . . . Special Melee Weapon . | . . . . Unidentified Prototypes . | . . . . Parts Lost 24 | . . 18 6 Power 5 | . . 4 1 Propulsion 10 | . . 7 3 Utility 5 | . . 3 2 Weapon 4 | . . 4 . Highest Loss Streak 4 | . . 4 3 To Critical Strikes . | . . . . Average Slot Usage (%) 88 | . 98 88 51 Engine 9 | . 14 7 . Core 1 | . . 3 2 Leg 26 | . 28 28 12 Device 8 | . 12 4 10 Storage 11 | . 14 11 4 Processor 7 | . . 13 11 Ballistic Gun 20 | . 28 16 7 Special Weapon 1 | . . 2 1 Peak Build Rating 18 | 6 7 16 18 Average Rating 8 | 5 6 10 10 On Entrance 5 | . 6 7 8 Naked Turns 24 | . . . 24 Heaviest Build 33 | 12 13 33 33 Greatest Support 36 | 20 20 30 36 Greatest Overweight (x) 9 | . . 9 1 Average Overweight (x) . | . . . . Largest Inventory Capacity 15 | 8 8 15 15 Average Capacity 11 | 7 8 14 9 Most Carried 15 | 7 8 15 11 Average Carried 8 | 4 7 10 5 Final Capacity 15 | 8 8 15 5 Final Carried 12 | 7 8 12 4 Class Distribution -------------------- 65% | Mutant 34% | Scavenger-Mutant Dominant Class ---------------- Mutant | -10/Materials Scavenger-Mutant | -9/Materials Mutant | -8/Materials Resources | -11 -10 -9 -8 ----------- Run | Yrd Mat Mat Mat Matter Collected 1011 | 258 221 382 150 Remotely . | . . . . Salvage Created 1576 | 26 420 819 311 Parts 119 | 3 40 62 14 Haulers Intercepted 3 | . 2 1 . Recyclers Shooed 3 | . 1 2 . Parts Field Recycled . | . . . . Retrieved Matter . | . . . . Parts Self-Destructed . | . . . . Prevented . | . . . . Kills | -11 -10 -9 -8 ------- Run | Yrd Mat Mat Mat Combat Hostiles Destroyed 34 | . 11 15 8 Guns 27 | . 10 14 3 AOE 7 | . 1 1 5 Classes Destroyed 12 | 1 7 3 1 Worker 7 | . 1 6 . Builder 2 | . 1 1 . Tunneler 2 | 1 . 1 . Hauler 3 | . 2 1 . Recycler 2 | . . 2 . Operator 2 | . 2 . . Watcher 3 | . 2 1 . Swarmer 8 | . 8 . . Grunt 17 | . 3 9 5 Brawler 1 | . . 1 . Duelist 1 | . . . 1 Sentry 7 | . . 5 2 Best Kill Streak 12 | 1 5 12 5 Combat Bots Only 5 | . 3 3 5 Max Kills in Single Turn 6 | 1 1 6 5 Gunslinging . | . . . . Exploded 5 | . 1 1 5 Melee . | . . . . Uniques/NPCs Destroyed . | . . . . Combat | -11 -10 -9 -8 -------- Run | Yrd Mat Mat Mat Hostile Shots Fired 314 | . 74 178 62 Missed 84 | . 25 41 18 Damage Taken 3343 | . 508 1911 924 Core 1117 | . 183 367 567 Absorbed by Shields . | . . . . Core Remaining (%) 44 | 100 26 8 . Volleys Fired 218 | 13 73 114 18 Largest 2 | 2 2 2 2 Hottest 100 | 40 40 100 100 Shots Fired 353 | 26 146 149 32 Gun 338 | 26 146 138 28 Cannon . | . . . . Launcher 4 | . . 3 1 Special 11 | . . 8 3 Kinetic 338 | 26 146 138 28 Thermal 11 | . . 8 3 Explosive 4 | . . 3 1 Electromagnetic . | . . . . Robot Hit Streak 12 | 7 7 12 7 Robot Miss Streak 10 | 4 10 3 3 Penetration Max . | . . . . Secondary Targets 2 | . . 1 1 Max Gunslinging Chain 1 | . . 1 1 Shots Hit Robots 223 | 15 83 105 20 Core Hits 99 | 5 34 49 11 Critical Kills . | . . . . Critical Parts Destroyed . | . . . . Critical Strikes . | . . . . Melee Attacks . | . . . . Impact . | . . . . Slashing . | . . . . Piercing . | . . . . Sneak Attacks . | . . . . Combat Hostiles . | . . . . Follow-up Attacks . | . . . . Damage Inflicted 3927 | 122 670 1856 1279 Guns 2119 | 122 667 980 350 Cannons . | . . . . Explosions 1739 | . . 810 929 Melee . | . . . . Ramming 21 | . 3 18 . Kinetic 2119 | 122 667 980 350 Thermal 1455 | . . 648 807 Explosive 332 | . . 210 122 Electromagnetic . | . . . . Impact . | . . . . Slashing . | . . . . Piercing . | . . . . Highest Corruption 5 | . . 5 1 Average Corruption 3 | . . 4 1 Corruption Purged . | . . . . Corruption Blocked . | . . . . Effects 6 | . . 6 . Message Errors 2 | . . 2 . Matter Fused 1 | . . 1 . Energy Discharges 1 | . . 1 . Parts Fused 1 | . . 1 . Data Loss (minor) 1 | . . 1 . Overload Shots . | . . . . Overflow Damage 238 | . . 159 79 Projectiles . | . . . . Explosions 238 | . . 159 79 Melee . | . . . . Knockbacks . | . . . . Impact . | . . . . Kinetic . | . . . . Secondary . | . . . . Self-Inflicted Damage 227 | . . 69 158 Shots 4 | . . 1 3 Rammed . | . . . . Targets Rammed 5 | . 2 3 . Kicked 5 | . 2 3 . Crushed . | . . . . Highest Temperature 36 | . 12 36 11 Average Temperature 7 | . 6 8 2 Received Heat Transfer 1140 | . 60 729 351 Siege Activations . | . . . . Robots Corrupted . | . . . . Combat Hostiles . | . . . . Parts Fried . | . . . . Impact Corruptions . | . . . . Robots Melted . | . . . . Combat Hostiles . | . . . . Parts Melted . | . . . . Heat Transferred 1000 | . . 500 500 Parts Sabotaged . | . . . . Parts Stolen . | . . . . Parts Stripped . | . . . . Power Chain Reactions . | . . . . Alert | -11 -10 -9 -8 ------- Run | Yrd Mat Mat Mat Peak Influence 314 | 5 314 277 232 Initial 52 | . 3 52 52 Average 107 | . 155 69 135 Maximum Alert Level 1 | . 1 1 1 Low Security (%) 80 | 100 58 98 76 Level 1 19 | . 41 1 23 Level 2 . | . . . . Level 3 . | . . . . Level 4 . | . . . . Level 5 . | . . . . High Security . | . . . . Max Security . | . . . . Squads Dispatched 6 | . 1 3 2 Investigation 3 | . . 2 1 Extermination . | . . . . Reinforcement 3 | . 1 1 1 Assault . | . . . . Garrison . | . . . . Intercept . | . . . . Searches Triggered . | . . . . Construction Impeded . | . . . . Haulers Reinforced . | . . . . Active Scanning Responses . | . . . . Cargo Convoy Interrupts . | . . . . Stealth | -11 -10 -9 -8 --------- Run | Yrd Mat Mat Mat Distress Signals 4 | . 2 2 . Communications Jammed . | . . . . Distress Signals . | . . . . Times Spotted 71 | . 27 26 18 Peak Tracking Total 7 | . 4 5 7 Tactical Retreats 6 | . 3 . 3 Traps | -11 -10 -9 -8 ------- Run | Yrd Mat Mat Mat Traps Triggered 5 | . . 3 2 Indirectly . | . . . . Trap Hack Attempts . | . . . . Triggered . | . . . . Disarmed . | . . . . Reprogrammed . | . . . . Reused . | . . . . Traps Extracted . | . . . . Installed . | . . . . Triggered . | . . . . Machines | -11 -10 -9 -8 ---------- Run | Yrd Mat Mat Mat Machines Disabled 9 | . . 6 3 Max in Single Turn 6 | . . 6 3 Machines Repaired . | . . . . Machines Dismantled . | . . . . Machines Sabotaged . | . . . . Overloaded Fab Kills . | . . . . Hacking | -11 -10 -9 -8 --------- Run | Yrd Mat Mat Mat Machines Accessed 7 | . 4 1 2 Terminals 7 | . 4 1 2 Fabricators . | . . . . Repair Stations . | . . . . Recycling Units . | . . . . Scanalyzers . | . . . . Garrison Access . | . . . . Total Hacks 15 | . 11 2 2 Successful 9 | . 9 . . Failed 6 | . 2 2 2 Catastrophic . | . . . . Database Lockouts . | . . . . Manual . | . . . . Terminals 15 | . 11 2 2 Fabricators . | . . . . Repair Stations . | . . . . Recycling Units . | . . . . Scanalyzers . | . . . . Garrison Access . | . . . . Terminal Hacks 9 | . 9 . . Prototype ID Bank 1 | . 1 . . Emergency Access Points 1 | . 1 . . Locate Traps 1 | . 1 . . Dispatch Records 1 | . 1 . . Transport Status 2 | . 2 . . Reinforcement Status 1 | . 1 . . Zone Layout 2 | . 2 . . Fabricator Hacks . | . . . . Repair Station Hacks . | . . . . Recycling Unit Hacks . | . . . . Scanalyzer . | . . . . Garrison Access Hacks . | . . . . Unauthorized Hacks . | . . . . Terminals . | . . . . Fabricators . | . . . . Repair Stations . | . . . . Recycling Units . | . . . . Scanalyzers . | . . . . Garrison Access . | . . . . Data Cores Recovered 1 | . 1 . . Used . | . . . . Hacking Detections 4 | . 1 1 2 Full Trace Events . | . . . . Feedback Events . | . . . . Feedback Blocked . | . . . . Robot Schematics Acquired . | . . . . Robots Built . | . . . . Authchips . | . . . . Time . | . . . . Total Robot Build Rating . | . . . . Part Schematics Acquired . | . . . . Parts Built . | . . . . Authchips . | . . . . Time . | . . . . Total Part Build Rating . | . . . . Parts Repaired . | . . . . Time . | . . . . Parts Recycled . | . . . . Recycled Matter . | . . . . Retrieved Matter . | . . . . Retrieved Components . | . . . . Parts Scanalyzed . | . . . . Part Schematics Acquired . | . . . . Parts Damaged . | . . . . Bothacking | -11 -10 -9 -8 ------------ Run | Yrd Mat Mat Mat Used RIF Installer . | . . . . Robots Hacked . | . . . . Non-combat . | . . . . Combat . | . . . . Robot Hacks Applied . | . . . . Relay Couplers Released . | . . . . Fabnet Peak Effective % . | . . . . Robots Rewired . | . . . . Allies Hacked . | . . . . Hacks Repelled . | . . . . Allies | -11 -10 -9 -8 -------- Run | Yrd Mat Mat Mat Total Allies . | . . . . Largest Group . | . . . . Highest-Rated Group . | . . . . Highest-Rated Ally . | . . . . Total Orders . | . . . . Ally Attacks . | . . . . Total Damage . | . . . . Kills . | . . . . Allies Corrupted . | . . . . Allies Melted . | . . . . Intel | -11 -10 -9 -8 ------- Run | Yrd Mat Mat Mat Robot Analysis Total . | . . . . Derelict Logs Recovered . | . . . . Drone Launches . | . . . . Drone Recoveries . | . . . . Exploration | -11 -10 -9 -8 ------------- Run | Yrd Mat Mat Mat Turns Passed 2855 | 152 1128 1255 320 Spaces Moved 1705 | 87 729 516 373 Core 130 | 7 . 5 118 Treads . | . . . . Legs 1381 | 80 729 511 61 Wheels . | . . . . Hover . | . . . . Flight 194 | . . . 194 Fastest Speed 35 | 50 120 120 35 Average Speed 117 | 114 120 159 54 Slowest Speed 500 | 120 120 500 190 Overloaded Moves . | . . . . Propulsion Burnouts . | . . . . Robots Hopped 3 | . . . 3 Cave-ins Triggered . | . . . . Exploration Rate (%) 37 | 6 84 35 23 Regions Visited 3 Branch Regions . Pre-discovered Areas . | . . . . Known Exits Taken 1 | . . 1 . Unknown Exits Taken 2 | 1 1 . . Scrap Searched . | . . . . Spaces Dug 9 | . . 6 3 Terrain Destroyed 67 | . . 26 41 Melee . | . . . . Projectile 9 | . . 6 3 AOE 58 | . . 20 38 Terrain Rammed . | . . . . Walls Destroyed . | . . . . Machines Disabled . | . . . . Actions | -11 -10 -9 -8 --------- Run | Yrd Mat Mat Mat Total 2255 | 118 869 811 457 Wait 206 | . 34 133 39 Move 1696 | 86 728 515 367 Hop 3 | . . . 3 Pick Up 57 | 13 14 20 10 Fast Attach . | . . . . Attach 36 | 6 1 15 14 Detach 1 | . . . 1 Swap 18 | . 5 10 3 Drop 15 | . 12 1 2 Fire 218 | 13 73 114 18 Melee . | . . . . Ram . | . . . . Kick 5 | . 2 3 . Crush . | . . . . Escape Stasis . | . . . . Rewire . | . . . . Trap . | . . . . Miscellaneous . | . . . . Route ------- -11/Scrapyard -10/Materials (discovered 3 exits: *Mat x2 / [*Min]) -9/Materials (discovered 2 exits: *Mat / *Sto) -8/Materials History --------- Turn | Location | Event 5 | -11/Scrapyard | Discovered new exit (range 16) 153 | -11/Scrapyard | Entered Materials 313 | -10/Materials | Build established: Mutant 333 | -10/Materials | Discovered new exit (range 7) 403 | -10/Materials | Core integrity fell below 50% 638 | -10/Materials | Discovered new exit (range 15) 727 | -10/Materials | Discovered new exit (range 16) 1281 | -10/Materials | Entered another Materials area 1281 | -9/Materials | Evolved 2 slots: Propulsion x1, Utility x1 1571 | -9/Materials | Discovered new exit (range 7) 1594 | -9/Materials | Build established: Scavenger-Mutant 1666 | -9/Materials | Identified exit to Storage 2022 | -9/Materials | Core integrity fell below 50% 2172 | -9/Materials | Discovered new exit (range 15) 2173 | -9/Materials | Lost 4 parts (1p1n1u1w) 2425 | -9/Materials | Build established: Mutant 2487 | -9/Materials | Core integrity fell below 20% 2501 | -9/Materials | Lost 3 parts (2n1w) 2532 | -9/Materials | Identified exit to Materials 2536 | -9/Materials | Entered another Materials area 2536 | -8/Materials | Evolved 2 slots: Propulsion x1, Utility x1 2552 | -8/Materials | Lost 3 parts (2n1w) 2678 | -8/Materials | Lost 3 parts (1p2n) 2692 | -8/Materials | Released all parts (9) 2845 | -8/Materials | Core integrity fell below 50% 2856 | -8/Materials | Destroyed self via exploding Fusion Modulator Last Messages --------------- 02795_ Acquired Datajack. 02797_ VTOL Module destroyed. 02801_ Transport Network Coupler destroyed. 02803_ Triggered Alarm Trap. 02803_ An alarm sounds. 02803_ ALERT: Alarm triggered, dispatching investigation squad. 02817_ Dropped Minigun. 02817_ Acquired Prototype Launcher. 02854_ Imp. Terrain Scanner destroyed. 02856_ Fusion Modulator explodes. 02856_ Destroyed Aluminum Leg. 02856_ G-47 Trooper destroyed. 02856_ Y-45 Defender destroyed. 02856_ Fusion Modulator explodes. 02856_ G-47 Trooper destroyed. 02856_ Destroyed Lgt. Nuclear Core. 02856_ Y-45 Defender destroyed. [Achievement: Quick And Dirty] 02856_ Fusion Modulator explodes. Map ----- +----------------------------------------------------+ | | | | | | | ?#############????????????? | | # ]] #????????????? | | #" """ ]] !#????????????? | | #T """ / ##???????????? | | #" """ [ #???????????? | | # ##???????????? | | ?######+###########???????? | | ????# #??## ???????? | | ???## #???#/ ???????? | | ######## #???# R" ##?? | | # # #???# """ ??? | | # + #???# ! #??? | | # # #???# """ #??? | | ; ]# #???# !* """ #??? | | ; =% # #???? ! """ #??? | | ; *!%[# #?????? ????? | | ; = ; #########+#?????? | | [ b #?????? | | =% ; g g #?????? | | m #?????? | | g/ t #?????? | | """ """ +? ???? | | @ g / """ """ #?????? | | ;; ; """ """ #?????? | | # ; """ """ #?????? | | # ; """ """ #?????? | | #### ## #?????? | | ????### #?????? | | ???#####/######### ####### | | ???# #???# # ] | | ???# #???# # * | | ???# """ #???# #"S | | ???# """ #???# #""" | | ???# """ #???# # ""! | | ???# !! #???# # | | ???# !!! #?### ##+#### | | ???# !!! #?# # | | ???###########?# # | | ???????????????# # | | ???????????????# #### # | | ???????????????# #??# # | | ???????????????# #??# # | | ?????????#####?# #??# # | | ???????######### #??# # | | ???????# ## #??# # | | ???????# """ ## #??# | | ???????# """ ## #??# | +----------------------------------------------------+ Best States ------------- Heat Dissipation 31 Energy Generation 14 Energy Capacity 265 Matter Stores 300 Matter Capacity 300 Sight Range 16 Robot Scan Range 15 Terrain Scan Range 16 Terrain Scan Density 10 Additional Mass Support 6 Armor Coverage 150 Evasion (%) 63 Targeting Accuracy 5 Item Schematics ----------------- None Robot Schematics ------------------ None Fabricated ------------ Nothing Alien Tech Used ----------------- None Achievements -------------- Quick And Dirty Challenges ------------ None Game ------ Seed DiametricPitchforkCompanion Manual? 0 Play Time 00:39:11 Cumulative 12.8 hours Start 2024.10.22 @ 16:28:14 End 2024.10.22 @ 17:06:08 Sessions 1 Manual Loads 0 Difficulty Rogue Special Mode None Game No. 15 Rogue 15 Adventurer 0 Explorer 0 Win Type - Total 0 Types 0/0/0/0/0/0/0/0/0 Lore% 8 Gallery% 14 Achievement% 12 Wizard Run 0 Options --------- Layout 1 ASCII 0 Keyboard 1 Movement Vi Keybinds 0 Fullscreen 1 Font 32/SmallcapsGlow Map View 50x40 Zoom Use 0% Tactical HUD 1 Map Filters NONE Filters NONE Steam 1 RUN: cc423d0c-2470-44f4-bb15-c0f7fe4378b5